AoeStats
← xxCamper_2

Arena

509603636Analyzed
4v4 RM · 4d ago on Sep 27, 2026· 111m 25s· 8 players
Game mode
Random Map
Map size
Large (8 player)
Population
200
Speed
Normal
Resources
Standard
Victory
Conquest
Starting age
Dark Age
Ending age
Imperial Age
RankedLock teamsTeams togetherTeam positionsShared explorationLock speedFull tech treeHidden civsTurbo modeCheats
Victory
Defeat
🇨🇳 Burgundians · China
1348
+14
🇨🇳 Spanish · China
1348
+14
🇮🇳 Saxons · India
1319
+16
🇫🇷 Danes · France
1258
+18
🇸🇰 Romans · Slovakia
1323
-16
🇨🇦 Huns · Canada
1322
-16
🇿🇦 Saxons · South Africa
1305
-15
🇨🇭 Portuguese · Switzerland
1290
-15
xxCamper_2
10:13 Feudal Age
14:13 Castle Age
12:37 Double-Bit Axe
13:34 Loom
14:56 Horse Collar
15:51 Bow Saw
24:43 Gold Mining
25:07 Heavy Plow
27:03 Gold Shaft Mining
28:13 Wheelbarrow
27:54 Town Watch
29:12 Hand Cart
33:05 Imperial Age
30:07 Pikeman
30:50 Scale Mail Armor
32:08 Ballistics
32:23 Man-at-Arms
33:04 Squires
33:22 Chain Mail Armor
33:58 Forging
33:11 Long Swordsman
34:00 Legionary
35:20 Iron Casting
35:16 Ballistas
38:20 Heavy Scorpion
41:06 Capped Ram
45:19 Chemistry
44:54 Comitatenses
66:24 Light Cavalry
67:05 Husbandry
76:26 Siege Ram
78:22 Scale Barding Armor
79:10 Iron Casting
Terra.
10:45 Feudal Age
14:32 Castle Age
12:48 Double-Bit Axe
13:24 Horse Collar
15:34 Bow Saw
17:13 Wheelbarrow
19:51 Gold Mining
20:31 Loom
22:53 Gold Shaft Mining
22:28 Heavy Plow
23:56 Fletching
24:07 Padded Archer Armor
24:13 Scale Barding Armor
24:22 Bloodlines
24:31 Husbandry
25:14 Ballistics
26:18 Bodkin Arrow
26:45 Chain Barding Armor
27:51 Sanctity
28:11 Hand Cart
27:41 Town Watch
28:03 Stone Mining
29:21 Treadmill Crane
32:43 Imperial Age
31:22 Leather Archer Armor
31:08 Scale Mail Armor
31:18 Forging
31:43 Town Patrol
33:34 Heavy Scorpion
34:19 Bracer
34:49 Ring Archer Armor
35:26 Chemistry
34:15 Cranequins
34:27 Heavy Mounted Crossbowman
36:47 Iron Casting
35:36 Capped Ram
36:54 Pikeman
37:35 Squires
37:52 Chain Mail Armor
37:54 Halberdier
43:17 Elite Varangian Guard
44:52 Plate Mail Armor
45:13 Elite Skirmisher
45:48 Clerical Recruitment
46:40 Redemption
47:47 Two-Man Saw
48:04 Illumination
47:55 Block Printing
47:34 Siege Ram
50:03 Caravan
56:36 Arson
57:53 Theocracy
66:07 Crop Rotation
66:22 Siege Engineers
66:29 Masonry
66:56 Shield Wall
68:04 Conscription
69:21 Guard Tower
69:17 Arrowslits
70:03 Architecture
71:57 Gambesons
72:49 Hoardings
79:12 Thumb Ring
84:05 Keep
83:58 Fortified Wall
96:22 Light Cavalry
choka60
11:21 Feudal Age
12:28 Double-Bit Axe
15:22 Castle Age
13:40 Town Watch
14:21 Padded Archer Armor
14:21 Fletching
14:41 Town Watch
20:14 Elite Skirmisher
21:04 Bodkin Arrow
22:46 Horse Collar
32:12 Pikeman
33:22 Heavy Plow
37:55 Imperial Age
37:30 Wheelbarrow
36:46 Loom
38:46 Scale Mail Armor
38:57 Forging
39:11 Conscription
39:18 Town Patrol
39:33 Hand Cart
39:20 Halberdier
40:31 Cavalier
41:21 Bloodlines
41:12 Husbandry
41:27 Marauders
43:00 Paladin
44:07 Bow Saw
48:59 Scale Barding Armor
54:24 Two-Man Saw
62:21 Caravan
66:21 Squires
66:07 Arson
67:38 Chain Mail Armor
67:59 Iron Casting
74:22 Blast Furnace
80:01 Man-at-Arms
81:24 Long Swordsman
83:18 Two-Handed Swordsman
107:25 Chain Barding Armor
Pancho
11:32 Feudal Age
15:23 Castle Age
13:23 Horse Collar
13:31 Double-Bit Axe
16:41 Heavy Plow
16:54 Bow Saw
26:27 Scale Barding Armor
29:08 Imperial Age
27:15 Wheelbarrow
26:25 Town Watch
26:30 Loom
26:57 Gold Mining
28:04 Husbandry
28:16 Bloodlines
28:12 Scale Barding Armor
29:45 Chain Barding Armor
29:35 Forging
31:15 Conscription
31:15 Fletching
32:02 Plate Barding Armor
32:02 Iron Casting
32:05 Fletching
31:57 Cavalier
34:49 Blast Furnace
34:56 Blast Furnace
40:32 Chemistry
41:19 Padded Archer Armor
41:37 Siege Engineers
41:52 Ballistics
41:43 Masonry
41:14 Treadmill Crane
41:49 Elite Skirmisher
42:35 Thumb Ring
43:00 Bodkin Arrow
43:21 Leather Archer Armor
44:10 Bracer
44:55 Ring Archer Armor
45:59 Two-Man Saw
46:05 Hand Cart
45:35 Town Watch
47:37 Architecture
47:03 Murder Holes
49:59 Crop Rotation
51:07 Scale Mail Armor
50:28 Pikeman
53:42 Chain Mail Armor
53:02 Halberdier
54:45 Plate Mail Armor
55:44 Coinage
57:58 Caravan
58:29 Banking
58:06 Arson
60:06 Capped Ram
60:23 Light Cavalry
62:05 Town Patrol
106:12 Arquebus
Sc100Pitie
11:12 Feudal Age
14:56 Castle Age
13:26 Double-Bit Axe
13:54 Horse Collar
15:49 Bow Saw
16:01 Heavy Plow
23:22 Gold Mining
26:34 Wheelbarrow
29:30 Imperial Age
28:20 Gold Shaft Mining
28:10 Scale Mail Armor
29:52 Hand Cart
29:33 Capped Ram
30:25 Northmen's Fury
30:49 Siege Ram
32:19 Chain Mail Armor
35:07 Plate Mail Armor
34:59 Conscription
37:18 Hamask
38:19 Forging
40:10 Iron Casting
39:43 Elite Jomsviking
42:44 Pikeman
43:47 Squires
43:21 Onager
43:50 Pikeman
46:48 Siege Onager
55:36 Siege Engineers
62:46 Heavy Scorpion
69:56 Loom
71:02 Town Watch
74:52 Caravan
77:06 Town Patrol
78:31 Chemistry
81:47 Halberdier
83:21 Coinage
84:36 Blast Furnace
87:39 Fletching
88:09 Masonry
88:19 Ballistics
89:02 Murder Holes
89:53 Gambesons
97:12 Hoardings
96:51 Arson
102:15 Man-at-Arms
103:53 Banking
103:39 Arrowslits
104:30 Long Swordsman
109:16 Two-Handed Swordsman
XHK
6:14 Double-Bit Axe
10:38 Feudal Age
10:27 Horse Collar
14:35 Castle Age
14:46 Bow Saw
18:23 Scale Barding Armor
19:34 Cavalier
21:28 Chain Barding Armor
22:41 Forging
22:42 Husbandry
25:14 Gold Mining
26:02 Wheelbarrow
25:13 Loom
27:01 Gold Shaft Mining
29:17 Iron Casting
32:52 Imperial Age
32:54 Paladin
34:17 Plate Barding Armor
34:44 Blast Furnace
35:27 Two-Man Saw
34:29 Heavy Plow
37:12 Hand Cart
36:43 Town Watch
39:07 Crop Rotation
38:54 Squires
38:39 Arson
38:16 Pikeman
39:36 Scale Mail Armor
39:26 Fletching
41:35 Chain Mail Armor
41:16 Bodkin Arrow
43:17 Ballistics
43:57 Chemistry
42:39 Treadmill Crane
43:09 Masonry
43:56 Plate Mail Armor
43:26 Bracer
43:27 Padded Archer Armor
45:14 Coinage
44:43 Pikeman
47:24 Leather Archer Armor
48:42 Banking
48:53 Conscription
48:39 Burgundian Vineyards
48:46 Stone Mining
49:21 Halberdier
51:52 Caravan
51:44 Light Cavalry
52:20 Hussar
54:01 Sappers
56:19 Elite Coustillier
57:34 Hoardings
56:31 Elite Skirmisher
76:49 Capped Ram
100:47 Onager
Void Walker
10:30 Feudal Age
11:52 Double-Bit Axe
14:37 Castle Age
12:35 Horse Collar
16:44 Bow Saw
22:36 Stone Mining
23:12 Gold Mining
24:29 Wheelbarrow
24:59 Heavy Plow
24:57 Loom
26:45 Gold Shaft Mining
29:16 Imperial Age
27:05 Scale Mail Armor
27:15 Forging
26:57 Man-at-Arms
27:23 Gambesons
27:38 Squires
27:24 Arson
28:18 Hand Cart
27:49 Town Watch
27:48 Long Swordsman
29:05 Chain Mail Armor
30:17 Iron Casting
29:30 Shield Wall
29:50 Two-Handed Swordsman
32:25 Plate Mail Armor
32:00 Scale Barding Armor
31:47 Pikeman
32:43 Champion
33:20 Halberdier
39:55 Fletching
39:43 Elite Varangian Guard
43:45 Bodkin Arrow
57:54 Caravan
60:35 Bracer
69:36 Crop Rotation
73:40 Masonry
73:11 Treadmill Crane
73:40 Siege Engineers
74:36 Chemistry
90:32 Murder Holes
91:07 Architecture
90:59 Ballistics
90:50 Fortified Wall
90:26 Arrowslits
菜菜
7:16 Loom
11:27 Feudal Age
12:14 Double-Bit Axe
15:03 Castle Age
13:10 Horse Collar
15:23 Gold Mining
16:31 Bow Saw
21:21 Heavy Plow
22:11 Wheelbarrow
23:15 Padded Archer Armor
25:45 Heavy Plow
26:38 Hand Cart
31:47 Imperial Age
30:39 Leather Archer Armor
30:17 Stone Mining
32:06 Stone Shaft Mining
31:57 Bloodlines
32:08 Town Watch
34:51 Chemistry
34:32 Conscription
34:54 Ring Archer Armor
36:11 Two-Man Saw
35:59 Ballistics
37:13 Masonry
36:48 Elite Conquistador
37:37 Scale Barding Armor
37:44 Forging
37:32 Light Cavalry
38:13 Husbandry
39:13 Chain Barding Armor
38:17 Hussar
40:53 Architecture
42:29 Plate Barding Armor
44:04 Iron Casting
46:37 Blast Furnace
46:59 Supremacy
50:32 Capped Ram
51:21 Scale Mail Armor
51:12 Fletching
51:25 Siege Ram
54:02 Caravan
54:30 Bodkin Arrow
55:37 Elite Skirmisher
58:11 Bracer
59:57 Thumb Ring
66:00 Chain Mail Armor
67:09 Gambesons
66:46 Man-at-Arms
68:43 Plate Mail Armor
67:36 Long Swordsman
68:17 Squires
70:42 Two-Handed Swordsman
71:31 Champion
81:21 Pikeman
82:09 Halberdier
91:49 Coinage
101:25 Cavalier
102:51 Paladin
110:58 Banking
Connection lost

Rejoining the realm…

Still unreachable

The connection could not be restored.

Session expired

The server has moved on; the page needs a fresh start.